 Dungeon Crawl Stone Soup version 0.18-a0-1539-g1c7284a (webtiles) character file.

7938 Svalin the Cleaver (level 11, -2/101 HPs)
             Began as a Hill Orc Artificer on Mar 9, 2016.
             Was a High Priest of Beogh.
             Slain by an unseen horror (11 damage)
             ... on level 10 of the Dungeon.
             The game lasted 00:51:57 (15492 turns).

Svalin the Cleaver (Hill Orc Artificer)            Turns: 15492, Time: 00:51:57

Health: -2/101     AC: 15    Str: 15    XL:     11   Next: 23%
Magic:  18/18      EV: 12    Int: 12    God:    Beogh [*****.]
Gold:   594        SH:  3    Dex: 14    Spells: 0 memorised, 10 levels left

rFire  . . .     SeeInvis .     J - +2 hand axe (chop)
rCold  + . .     Gourm    .     N - +2 leather armour {rC+}
rNeg   . . .     Faith    .     (no shield)
rPois  .         Spirit   .     a - +2 hat
rElec  .         Dismiss  .     v - +1 cloak
rCorr  .         Reflect  +     p - +1 pair of gloves
SustAt .         Harm     .     S - +0 pair of boots
MR     .....                    t - +3 amulet of reflection
Stlth  +.........               (no ring)
                                (no ring)

@: not resistant to hostile enchantments, very unstealthy
A: walk on water
a: Smiting, Recall Orcish Followers, Give Item to Named Follower, Renounce
Religion


You were on level 10 of the Dungeon.
You worshipped Beogh.
Beogh was extremely pleased with you.
You were hungry.

You visited 1 branch of the dungeon, and saw 10 of its levels.
You also visited: Ossuary.

You collected 774 gold pieces.
You spent 180 gold pieces at shops.

Inventory:

Hand Weapons
 J - a +2 hand axe of chopping (weapon)
Armour
 a - a +2 hat (worn)
 p - a +1 pair of gloves (worn)
 v - a +1 cloak (worn)
 N - a +2 leather armour of cold resistance (worn)
 S - a +0 pair of boots (worn)
Jewellery
 h - an uncursed amulet of the gourmand
 t - a +3 amulet of reflection (around neck)
 L - an uncursed amulet of magic regeneration
Wands
 c - a wand of flame (0/48)
 d - a wand of enslavement (0/24)
 e - a wand of random effects (12/48)
 g - a wand of confusion (25/48)
 u - a wand of lightning (5/15)
 y - a wand of random effects (25/48)
 K - a wand of lightning (6/15)
 R - a wand of polymorph (15/24)
Scrolls
 i - a scroll of fear
 m - 3 scrolls of remove curse
 q - 2 scrolls of magic mapping
 B - a scroll of identify
 H - a scroll of enchant weapon
 I - 2 scrolls of fog
 M - a scroll of recharging
 P - a scroll of enchant armour
 T - a scroll of blinking
Potions
 b - 4 potions of brilliance
 k - 5 potions of flight
 r - 3 potions of degeneration
 s - 2 potions of resistance
 x - a potion of mutation
 z - a potion of ambrosia
 C - 3 potions of berserk rage {unknown}
 D - 3 potions of cure mutation {unknown}
 E - 5 potions of curing {unknown}
 F - 3 potions of haste {unknown}
 G - 3 potions of lignification {unknown}
Books
 O - a book of Transfigurations

   Spells                             Type                      Level
   a - Irradiate                      Conjuration/Transmutation    5
   b - Statue Form                    Transmutation/Earth          6
   c - Hydra Form                     Transmutation                6
   d - Dragon Form                    Transmutation                7
Comestibles
 f - 6 bread rations
 j - 4 meat rations
 l - 4 beef jerkies
 n - 5 fruits
 o - a chunk of flesh


   Skills:
 + Level 10.7 Fighting
   Level 1.0 Short Blades
 + Level 11.1 Axes
 + Level 9.2 Armour
 - Level 1.5 Dodging
 - Level 0.7 Stealth
 + Level 10.2 Invocations
 - Level 3.0 Evocations


You had 10 spell levels left.
You didn't know any spells.

Dungeon Overview and Level Annotations

Branches:
Dungeon (10/15)            Temple (0/1) D:6             Orc (0/2) D:10
   Lair: D:8-11

Altars:
Cheibriados
Elyvilon
Fedhas
Pakellas
Qazlal
Vehumet
Yredelemnul
The Shining One

Shops:
D:8 *


Message History

Gang up on whom?
Press: ? - help, Dir - move target cursor There's nothing there!
Something barely misses your orc warrior.
Something barely misses your orc warrior.
Something hits your orc warrior!
Something hits your orc warrior but does no damage.
Something hits your orc warrior. Something hits your orc.
Something hits your orc!
Your orc dies!
Something hits your orc but does no damage.
You block something's attack. Something hits your orc!
Your orc dies!
Something hits your orc warrior.
Your orc closely misses something.
Something hits you but does no damage. x2
Something hits you.
* * * LOW HITPOINT WARNING * * *
Something hits you!
You die...

###..###
#.............8.oo
###..###
##.......>..#..[##
##...o###
#..........##'##
.<).....#
#..............##
.........#
#..............#
.........#
##........)....##
..........#
##.......o.....##
.........##
##...<..........##
##.......#
##.@.##........#.)##
###.....#
##...####......##....
##.## ###...##
#####.####...
##oo..## ### #...
#### ##...)## #...
...### ##....####
....
.....###....))..#
....
......)....####)#
.... ..)....)..## #.#
#....


You could see a friendly orc warrior and a friendly orc.

Vanquished Creatures
  An unseen horror (D:9)
  A hill giant (D:10)
  Grinder (D:6)
  2 yaks (D:10)
  The ghost of tijit the Twirler, an amateur VSGl (D:3)
  2 hippogriffs (D:7)
  2 water moccasins
  2 orc warriors
  3 sky beasts
  A necrophage (D:6)
  An ogre (D:8)
  3 centaurs
  Blork the orc (D:4)
  An elf zombie (Ossuary)
  A giant frog (D:10)
  A big kobold (D:7)
  2 scorpions
  19 killer bees
  A howler monkey (D:10)
  2 jellies
  5 crimson imps
  A giant frog zombie (D:9)
  3 centaur zombies (Ossuary)
  2 orc priests
  A centaur skeleton (D:9)
  4 hounds
  A human zombie (Ossuary)
  8 orc wizards
  2 giant frog skeletons
  5 worker ants
  2 iguanas
  An ogre zombie (Ossuary)
  A big kobold zombie (Ossuary)
  2 hound skeletons
  A hound zombie (D:8)
  5 mummies (Ossuary)
  7 adders
  2 howler monkey skeletons (D:9)
  2 shadow imps
  5 adder zombies (Ossuary)
  A dart slug (D:1)
  3 giant geckos
  23 orcs
  2 giant cockroaches
  12 hobgoblins
  5 jackals
  6 quokkas
  10 bats
  5 giant newts
  3 goblins
  6 goblin zombies (Ossuary)
  3 hobgoblin zombies (Ossuary)
  14 kobolds
  4 kobold zombies (Ossuary)
  2 quokka zombies
  9 rats
  3 rat zombies (Ossuary)
219 creatures vanquished.

Vanquished Creatures (collateral kills)
  A hill giant (D:10)
  Psyche (D:9)
  Joseph (D:10)
  A crocodile (D:9)
  A troll (D:9)
  4 yaks (D:10)
  A phantom (D:8)
  A sky beast (D:9)
  2 orc warriors
  An eye of draining (D:10)
  2 ogres
  2 giant frogs
  A scorpion (D:8)
  12 killer bees
  2 howler monkeys
  A crimson imp (D:10)
  A centaur zombie (Ossuary)
  A jelly (D:8)
  A hound (D:8)
  An orc priest (D:9)
  An iguana (D:9)
  A centaur skeleton (D:8)
  2 orc wizards
  2 worker ants
  2 mummies (Ossuary)
  5 adders
  A shadow imp (D:8)
  An adder zombie (D:8)
  5 orcs
  3 jackals
  A quokka (D:8)
  2 kobolds (D:7)
  A rat (D:1)
65 creatures vanquished.

Vanquished Creatures (others)
  3 orc warriors (D:10)
  3 orc priests
  A hippogriff (D:7)
  7 orc wizards
  A worm (D:3)
  28 orcs
  A goblin (D:1)
  A hobgoblin (D:1)
  2 jackals
  A bat (D:3)
  2 kobolds (D:1)
50 creatures vanquished.

Grand Total: 334 creatures vanquished

Notes
Turn   | Place    | Note
--------------------------------------------------------------
     0 | D:1      | Svalin the Hill Orc Artificer began the quest for the Orb.
     0 | D:1      | Reached XP level 1. HP: 16/16 MP: 3/3
   447 | D:1      | Reached XP level 2. HP: 19/25 MP: 4/4
  1367 | D:1      | Reached XP level 3. HP: 28/31 MP: 5/5
  1735 | D:2      | Found an oddly glowing altar of Pakellas.
  2115 | D:2      | Reached skill level 1 in Axes
  2186 | D:2      | Reached XP level 4. HP: 37/40 MP: 6/6
  3040 | D:3      | Reached skill level 2 in Axes
  3077 | D:3      | Became a worshipper of Beogh the Brigand
  3154 | D:3      | Noticed tijit's ghost (amateur VSGl)
  3182 | D:3      | Killed tijit's ghost
  3182 | D:3      | Reached skill level 4 in Axes
  3182 | D:3      | Reached XP level 5. HP: 27/47 MP: 7/7
  3328 | D:3      | Reached XP level 6. HP: 49/53 MP: 8/8
  3697 | D:3      | Found a blossoming altar of Fedhas.
  3854 | D:4      | Reached skill level 1 in Invocations
  3854 | D:4      | Reached skill level 5 in Fighting
  3873 | D:3      | Reached * piety under Beogh
  4126 | D:4      | Noticed Blork the orc
  4151 | D:4      | Killed Blork the orc
  4151 | D:4      | Reached skill level 5 in Axes
  4151 | D:4      | Reached XP level 7. HP: 58/61 MP: 9/9
  4180 | D:4      | Found a sand-covered staircase.
  4188 | Ossuary  | Entered an ossuary
  4621 | Ossuary  | Reached ** piety under Beogh
  5505 | D:4      | Reached skill level 6 in Axes
  5511 | D:4      | Reached XP level 8. HP: 57/70 MP: 9/11
  6436 | D:5      | Entered Level 5 of the Dungeon
  6795 | D:5      | Found an oddly glowing altar of Pakellas.
  7571 | D:5      | Found a radiant altar of Vehumet.
  8085 | D:5      | Reached skill level 7 in Axes
  8085 | D:5      | Reached skill level 5 in Armour
  8085 | D:5      | Reached skill level 5 in Invocations
  8776 | D:4      | Reached *** piety under Beogh
  9189 | D:6      | Noticed Grinder
  9219 | D:6      | Killed Grinder
  9219 | D:6      | Reached XP level 9. HP: 37/79 MP: 13/13
  9439 | D:6      | Reached skill level 8 in Axes
  9441 | D:6      | Found a staircase to the Ecumenical Temple.
  9822 | D:6      | Found a basalt altar of Yredelemnul.
  9823 | D:6      | Found a snail-covered altar of Cheibriados.
 10989 | D:8      | Reached **** piety under Beogh
 11018 | D:8      | Gained Warrok as an ally
 11115 | D:8      | Found a white marble altar of Elyvilon.
 11145 | D:8      | Reached skill level 9 in Axes
 11361 | D:8      | Gained Spirok as an ally
 11423 | D:8      | Reached XP level 10. HP: 64/90 MP: 15/15
 11860 | D:8      | Found Ickeuth's General Store.
 11871 | D:8      | Bought a scroll of magic mapping for 38 gold pieces
 11871 | D:8      | Bought a scroll of blinking for 82 gold pieces
 11871 | D:8      | Bought a scroll of magic mapping for 38 gold pieces
 11871 | D:8      | Bought a scroll of identify for 22 gold pieces
 12432 | D:9      | Killed an unseen horror
 12453 | D:9      | Your ally Warrok died
 12459 | D:9      | Your ally Spirok died
 12873 | D:9      | Reached skill level 10 in Axes
 13296 | D:9      | Noticed Psyche
 13323 | D:9      | Killed Psyche
 13810 | D:9      | Found a stormy altar of Qazlal.
 13811 | D:9      | Found a glowing golden altar of the Shining One.
 14108 | D:10     | Entered Level 10 of the Dungeon
 14149 | D:10     | Found a staircase to the Orcish Mines.
 14207 | D:10     | Reached skill level 10 in Fighting
 14386 | D:10     | Noticed Joseph
 14401 | D:10     | Killed Joseph
 14604 | D:10     | Reached XP level 11. HP: 93/101 MP: 18/18
 14609 | D:10     | Noticed a hill giant
 14618 | D:10     | Killed a hill giant
 14618 | D:10     | Reached ***** piety under Beogh
 14618 | D:10     | Reached skill level 11 in Axes
 14618 | D:10     | Reached skill level 10 in Invocations
 14679 | D:10     | Gained Dorog as an ally
 15317 | D:10     | Noticed a hill giant
 15330 | D:10     | Killed a hill giant
 15472 | D:10     | Your ally Dorog died
 15492 | D:10     | Slain by an unseen horror

Vault maps used:
D:1:      minmay_arrival_up_and_down
D:2:      grunt_pakellas_mercury
D:3:      lemuel_coloured_pillars_altar, hangedman_decor_growths
D:4:      nicolae_ossuary_entry_plus, first_bread, uniq_blork_the_orc
D:5:      old_standard_altar, vehumet_crystals
D:6:      gammafunk_temple_overflow_statue, minmay_temple_entry_crystal_x,
          uniq_grinder
D:8:      elyvilon_altar_4, serial_shops, shop
D:9:      gammafunk_temple_overflow_pools, uniq_psyche
D:10:     lair_0_dummy, hiddenorc2_lemuel, hangedman_tell_no_tales,
          grunt_qazlal_sundering, uniq_joseph
Ossuary:  ossuary_boxes_badplayer

Skill      XL: |  1  2  3  4  5  6  7  8  9 10 11 |
---------------+----------------------------------+-----
Fighting       | 2 3 4 5 6 7 8 10 | 10.7
Axes           | 1 4 5 6 7 9 10 11 | 11.1
Armour         | 2 4 5 7 8 9 |  9.2
Invocations    | 2 4 6 7 9 10 | 10.2
Short Blades   | |  1.0
Dodging        | |  1.5
Stealth        | |  0.7
Evocations     | |  3.0

Action                   |  1- 3 |  4- 6 |  7- 9 | 10-12 || total
-------------------------+-------+-------+-------+-------++-------
Melee: Short sword       |   150 |       |       |       ||   150
       Hand axe          |    43 |   106 |   740 |   281 ||  1170
Invok: Convert to Beogh  |       |     1 |       |       ||     1
       Give Item to Name |       |       |       |     1 ||     1
Evoke: Wand              |     8 |    15 |    15 |       ||    38
  Use: Scroll            |     3 |     7 |    10 |     7 ||    27
       Potion            |       |     1 |     2 |     5 ||     8
 Stab: Confused          |       |     3 |       |       ||     3
       Distracted        |       |       |     2 |     3 ||     5
  Eat: Chunk             |     4 |     6 |    14 |    11 ||    35
       Pizza             |       |       |     5 |     1 ||     6
       Fruit             |       |       |     3 |       ||     3
